 Dungeon Crawl Stone Soup version 0.24.1 (webtiles) character file.

Game seed: 14747216900867561051, levelgen mode: deterministic

13 Destapler the Sneak (level 2, -1/11 HPs)
             Began as a Felid Venom Mage on Mar 28, 2020.
             Slain by a hobgoblin
             ... wielding a +0 club
              (3 damage)
             ... on level 1 of the Dungeon.
             The game lasted 00:02:47 (275 turns).

Destapler the Sneak (Felid Venom Mage)               Turns: 275, Time: 00:02:48

Health: -1/11      AC:  1    Str:  4    XL:     2   Next: 24%
Magic:  5/6        EV: 18    Int: 16    God:
Gold:   0          SH:  0    Dex: 16    Spells: 4/5 levels left
                                        Lives:  0   Deaths: 0

rFire    . . .     SeeInvis +   (weapon unavailable)
rCold    . . .     Gourm    .   (shield unavailable)
rNeg     . . .     Faith    .   (armour unavailable)
rPois    .         Spirit   .   (helmet unavailable)
rElec    .         Reflect  .   (cloak unavailable)
rCorr    .         Harm     .   (gloves unavailable)
MR       .....                  (boots unavailable)
Stlth    +++.......             (no amulet)
HPRegen  0.03/turn              (no ring)
MPRegen  0.10/turn              (no ring)

@: quick
A: very small, no armour, no weapons or thrown items, stealth, claws 1, fangs 3,
see invisible, carnivore, speed 1, shaggy fur 1, slow metabolism 1, sharp paws
a: no special abilities


You were on level 1 of the Dungeon.
You were completely stuffed.

You visited 1 branch of the dungeon, and saw 1 of its levels.

Inventory:

Scrolls
 a - a scroll of remove curse {unknown}
 c - a scroll of teleportation {unknown}
Comestibles
 b - 3 rations
 d - 4 chunks of flesh


   Skills:
 + Level 3.1 Dodging
 + Level 3.1 Stealth
 - Level 2.0 Spellcasting
 + Level 1.2 Conjurations
 + Level 2.8 Poison Magic


You had 4 spell levels left.
You knew the following spells:

 Your Spells              Type           Power        Failure   Level  Hunger
a - Sting                 Conj/Pois      #...         9%          1    #......

Your spell library contained the following spells:

 Spells                   Type           Power        Failure   Level  Hunger
 Poisonous Vapours        Pois/Air       #.....       17%         2    ###....
 Mephitic Cloud           Conj/Pois/Air  #.......     34%         3    ###....
 Olgreb's Toxic Radiance  Pois           ##......     54%         4    #####..
 Venom Bolt               Conj/Pois      #.........   94%         5    ######.


Dungeon Overview and Level Annotations

Branches:
Dungeon (1/15)

Altars:


Innate Abilities, Weirdness & Mutations

You cannot wear armour.
You are incapable of wielding weapons or throwing items.
Your paws allow you to move quietly. (Stealth)
You have sharp claws.
You have razor-sharp teeth.
You have supernaturally acute eyesight. (SInv)
You are carnivorous and can eat meat at any time.
You cover ground quickly.
You are covered in fur. (AC +1)
You have a slow metabolism.
Your sharp claws are effective at attacking unaware monsters.


Message History

A rat and a kobold come into view.
You scratch the hobgoblin. Your bite misses the hobgoblin.
The hobgoblin is heavily wounded.
The hobgoblin hits you with a +0 club.
You scratch the hobgoblin but do no damage.
You bite the hobgoblin, but do no damage.
The hobgoblin is heavily wounded.
You scratch the hobgoblin. Your bite misses the hobgoblin.
The hobgoblin is severely wounded.
The kobold shouts!
The hobgoblin hits you with a +0 club.
* * * LOW HITPOINT WARNING * * *
The kobold throws a stone.
The stone misses you.
Casting: Sting (safe; 9% risk of failure)
Confirm with . or Enter, or press ? or * to list all spells.
Aiming: Sting (safe; 9% risk of failure)
Press: ? - help, Shift-Dir - straight line, f - hobgoblin
Aim: a hobgoblin, wielding a +0 club (severely wounded)
The sting misses the hobgoblin.
The hobgoblin hits you with a +0 club.
You die...

.........# ###. .#
..>......# #... .#
.........###..# ..##
.............# ##...#.
......#.##.### .......
...........### ....(..
..........^..# ##.......
....#.....##.######(.......
...##.....##....@g......?..
#####.....##########K......
#.....# ....... #.....#
....... #...>.# K...r..
.....# ....... #######


You could see a hobgoblin and a kobold.

Vanquished Creatures
  A dart slug (D:1)
  A ball python (D:1)
  2 bats (D:1)
  A goblin (D:1)
  2 jackals (D:1)
  A kobold (D:1)
  2 rats (D:1)
10 creatures vanquished.

Notes
Turn   | Place    | Note
-------+----------+-------------------------------------------
     0 | D:1      | Destapler the Felid Venom Mage began the quest for the Orb.
     0 | D:1      | Reached XP level 1. HP: 7/7 MP: 4/4
     3 | D:1      | Noticed an electric eel
     3 | D:1      | Noticed an electric eel
    62 | D:1      | Reached skill level 1 in Conjurations
   182 | D:1      | Reached XP level 2. HP: 11/11 MP: 4/6
   275 | D:1      | Slain by a hobgoblin

Levels and vault maps discovered:
D:1:      arrival_aquarium_b, layout_rooms

Skill      XL: |  1 |
---------------+----+-----
Conjurations   | 1 |  1.2
Stealth        | 3 |  3.1
Dodging        | 3 |  3.1
Spellcasting   | |  2.0
Poison Magic   | |  2.8

Action                   || total
-------------------------++-------
Melee: Unarmed           ||    18
       Bite              ||     2
 Cast: Sting             ||    13
 Stab: Sleeping          ||     3
  Eat: Chunk             ||     6
Armor: Skin              ||     1
Dodge: Dodged            ||    17
